 Dungeon Sprint DCSS version 0.29-a0-643-ga013cefcf8 (webtiles) character file.

Game seed: 1526387395890214867

7600000 greenreed the Axe Maniac (level 27, -55/228 HPs)
             Began as a Djinni Necromancer on June 19, 2022.
             Was the Champion of Makhleb.
             Annihilated by a meat berserker
             ... wielding a +9 battleaxe
              (61 damage)
             ... in the Dungeon (Sprint VIII: "Arena of Blood").
             The game lasted 00:04:46 (76 turns).

greenreed the Axe Maniac (Djinni Necromancer)         Turns: 76, Time: 00:04:47

Health: -55/228    AC:  4    Str: 17    XL:     27
Gold:   0          EV: 29    Int: 18    God:    Makhleb [******] SH:  0 Dex: 17

rFire   + + .      SeeInvis +   g - +∞ Axe of Woe
rCold   x . .      Faith    .   (shield currently unavailable)
rNeg    . . .      Spirit   .   a - +0 robe
rPois   ∞          Reflect  .   (no helmet)
rElec   .          Harm     .   (no cloak)
rCorr   .          Rampage  .   (no gloves)
Will    ++...      NoTele   +   (boots unavailable)
Stlth   ++++++++++              (no amulet)
HPRegen 0.48/turn               h - ring of see invisible
MPRegen 0.00/turn               (no ring)

@: marked, on death's door cooldown, flying, slowed, very slow
A: sickness immunity, fire resistance 2, cold vulnerability 1, float, innate
caster, HP casting, extra vitality 1
a: Renounce Religion, Minor Destruction, Lesser Servant of Makhleb, Major
Destruction, Greater Servant of Makhleb


You were in the Dungeon.
You worshipped Makhleb.
Makhleb was exalted by your worship.
You visited 1 branch

Inventory:

Hand Weapons
 g - the +∞ Axe of Woe (weapon)
   (You found it in the Dungeon)
Armour
 a - a +0 robe (worn)
Jewellery
 h - a ring of see invisible (left hand)
Scrolls
 f - a scroll of blinking
Potions
 b - a potion of curing
 c - a potion of heal wounds
 d - a potion of haste
 e - a potion of berserk rage


   Skills:
 O Level 27 Fighting
 O Level 27 Short Blades
 O Level 27 Long Blades
 O Level 27 Axes
 O Level 27 Maces & Flails
 O Level 27 Polearms
 O Level 27 Staves
 O Level 27 Slings
 O Level 27 Bows
 O Level 27 Crossbows
 O Level 27 Throwing
 O Level 27 Armour
 O Level 27 Dodging
 O Level 27 Stealth
 O Level 27 Shields
 O Level 27 Unarmed Combat
 O Level 27 Spellcasting
 O Level 27 Invocations
 O Level 27 Evocations


You couldn't memorise any spells.
You knew the following spells:

 Your Spells              Type           Power      Damage    Failure   Level
a - Necrotize             Necr           100%       1d9       0%          1
b - Vampiric Draining     Necr           88%        2d12      0%          3
c - Animate Dead          Necr           88%        N/A       0%          4
d - Agony                 Necr           88%        N/A       0%          5
e - Beastly Appendage     Tmut           100%       N/A       0%          1
f - Searing Ray           Conj           100%       2d8       0%          2
g - Spider Form           Tmut/Pois      88%        N/A       0%          3
h - Ice Form              Ice/Tmut       88%        N/A       0%          4
i - Hailstorm             Conj/Ice       88%        3d18      0%          4
j - Silence               Hex/Air        44%        N/A       0%          5
k - Summon Cactus Giant   Summ           44%        N/A       0%          6
l - Statue Form           Tmut/Erth      58%        N/A       0%          6
m - Enfeeble              Hex            44%        N/A       1%          7
n - Discord               Hex            44%        N/A       1%          8
o - Infestation           Necr           44%        N/A       1%          8
p - Maxwell's Capacitive  Air            44%        ∞         1%          8
q - Death's Door          Necr           44%        N/A       2%          9
Your spell library was empty.

Dungeon Overview and Level Annotations

Branches:
Dungeon (1/1)

Altars:
Makhleb

Annotations:
D The Captor, The Servant


Innate Abilities, Weirdness & Mutations

You are immune to sickness and miasma.
You are immune to poison.
Your flesh is very heat resistant. (rF++)
You are vulnerable to cold. (rC-)
You float through the air rather than walking.
You learn spells naturally, not from books.
Your magical power is your life essence.
You have superior vitality. (+4 MHP)


Message History

You are engulfed in negative energy!
You feel weakened.
The meat beast squeals, "Fly whilst thou are able!"
The meat berserker rages.
You hear a shout! x2
A bag of meat comes into view. It is wielding a +9 war axe.
You hear a shout! x3
The meat berserker hits you with a +9 battleaxe!!!
A meat beast comes into view.
The meat beast squeals, "Embrace thy doom, thou artless guts-griping bladder!"
You hear a shout!
The eight-headed meat hydra calls on the powers of darkness!
The eight-headed meat hydra convulses!
The meat berserker convulses!
Your body is wracked with pain!
The meat berserker convulses!
The bag of meat convulses!
A bag of meat comes into view. It is wielding a +9 war axe.
The accursed points at you and mumbles some strange words.
Something smites you!
The bag of meat moves out of view.
The meat beast moves out of view.
You hear a roar!
You feel your strength returning.
A bag of meat and a meat berserker come into view.
You dice the meat berserker like an onion!!!
You butcher the meat berserker messily.
You kill the meat berserker!
Makhleb accepts your kill.
Your life is in your own hands again!
You hear a shout! x2
A meat berserker comes into view. It is wielding a +9 battleaxe.
You hear a shout! x2
A meat berserker comes into view. It is wielding a +9 battleaxe.
You hear a shout!
The eight-headed meat hydra calls on the powers of darkness!
The eight-headed meat hydra convulses!
The meat berserker convulses!
Your body is wracked with pain!
* * * LOW HITPOINT WARNING * * *
The meat berserker convulses! x2; The bag of meat convulses!
The meat berserker closely misses you.
The meat berserker hits you with a +9 battleaxe!!!
You die...

#################
#.....))L)...D..###
...WoO)@O).X..X....
....o##O##O#####...
......WOo§.)2......
## ..O@##M##@O.X...


.X2OoOo2X.2LzX... oOoooOo#@#.OoL... 2oozO..)X...XV.## OLoOXL....)....X..
...X...°)))...... You could see an accursed, 3 meat beasts, 3 tyrants, The
Servant, an eight-headed meat hydra, a sculptor of flesh, 5 large abominations,
a dread, 11 meat berserkers, a wretched soul (invisible), The Captor (fast) and
10 bags of meat.

Vanquished Creatures
  3 hell beasts (D)
  3 royal mummies (D)
  2 wraiths (D)
  7 vampire knights (D)
  30 ogres (D)
  8 two-headed ogres (D)
  A lich (D)
  55 orcs (D)
  4 skeletal warriors (D)
113 creatures vanquished.

Notes
Turn   | Place    | Note
-------+----------+-------------------------------------------
     0 | D        | Found the +∞ Axe of Woe
     0 | D        | greenreed the Djinni Necromancer began the quest for the
                  | Orb.
     0 | D        | greenreed set off with the following spells memorised:
                  | Necrotize, Vampiric Draining, Animate Dead, Agony.
     0 | D        | Reached XP level 1. HP: 15/15 MP: 0/0
     1 | D        | Noticed a bag of meat
     2 | D        | Killed a bag of meat
     2 | D        | Noticed a bag of meat
     2 | D        | Noticed a bag of meat
     2 | D        | Noticed a bag of meat
     2 | D        | Noticed a bag of meat
     2 | D        | Noticed a bag of meat
     3 | D        | Reached XP level 2. HP: 21/21 MP: 0/0
     3 | D        | Reached XP level 3. HP: 25/25 MP: 0/0
     3 | D        | Learned a level 1 spell: Beastly Appendage
     3 | D        | Reached XP level 4. HP: 31/31 MP: 0/0
     3 | D        | Reached XP level 5. HP: 35/35 MP: 0/0
     3 | D        | Learned a level 2 spell: Searing Ray
     3 | D        | Reached XP level 6. HP: 40/40 MP: 0/0
     3 | D        | Reached XP level 7. HP: 45/45 MP: 0/0
     3 | D        | Learned a level 3 spell: Spider Form
     3 | D        | Reached XP level 8. HP: 50/50 MP: 0/0
     3 | D        | Reached XP level 9. HP: 55/55 MP: 0/0
     3 | D        | Learned a level 4 spell: Ice Form
     3 | D        | Reached XP level 10. HP: 60/60 MP: 0/0
     3 | D        | Reached XP level 11. HP: 65/65 MP: 0/0
     3 | D        | Learned a level 4 spell: Hailstorm
     4 | D        | Noticed a bag of meat
     5 | D        | Became a worshipper of Makhleb the Destroyer
     6 | D        | Noticed a bag of meat
     6 | D        | Noticed a bag of meat
     7 | D        | Noticed a bag of meat
     7 | D        | Noticed a bag of meat
     7 | D        | Noticed a meat berserker
     8 | D        | Noticed a bag of meat
     8 | D        | Noticed a bag of meat
     9 | D        | Killed a bag of meat
     9 | D        | Noticed a meat berserker
     9 | D        | Noticed a bag of meat
    10 | D        | Reached skill level 10 in Stealth
    10 | D        | Reached XP level 12. HP: 70/70 MP: 0/0
    10 | D        | Noticed a bag of meat
    10 | D        | Killed a bag of meat
    10 | D        | Killed a bag of meat
    10 | D        | Reached * piety under Makhleb
    10 | D        | Noticed a bag of meat
    10 | D        | Noticed a bag of meat
    11 | D        | Reached skill level 15 in Dodging
    11 | D        | Reached XP level 13. HP: 82/82 MP: 0/0
    11 | D        | Learned a level 5 spell: Silence
    11 | D        | Noticed a bag of meat
    11 | D        | Noticed a bag of meat
    11 | D        | Noticed a bag of meat
    11 | D        | Noticed a meat berserker
    12 | D        | Killed a meat berserker
    12 | D        | Killed a bag of meat
    12 | D        | Reached ** piety under Makhleb
    12 | D        | Noticed a bag of meat
    13 | D        | Reached skill level 5 in Fighting
    13 | D        | Reached XP level 14. HP: 93/93 MP: 0/0
    13 | D        | Killed a bag of meat
    13 | D        | Killed a bag of meat
    13 | D        | Killed a meat berserker
    13 | D        | Reached *** piety under Makhleb
    13 | D        | Noticed a meat berserker
    14 | D        | Reached skill level 27 in Axes
    14 | D        | Reached XP level 15. HP: 111/111 MP: 0/0
    14 | D        | Learned a level 6 spell: Summon Cactus Giant
    14 | D        | Noticed a meat berserker
    16 | D        | Noticed a meat berserker
    16 | D        | Noticed a meat berserker
    17 | D        | Reached XP level 16. HP: 123/123 MP: 0/0
    17 | D        | Reached **** piety under Makhleb
    17 | D        | Noticed a meat berserker
    18 | D        | Reached ***** piety under Makhleb
    19 | D        | Reached XP level 17. HP: 143/143 MP: 0/0
    19 | D        | Learned a level 6 spell: Statue Form
    19 | D        | Killed a meat berserker
    19 | D        | Killed a meat berserker
    20 | D        | Reached skill level 27 in Dodging
    20 | D        | Reached XP level 18. HP: 165/165 MP: 0/0
    20 | D        | Noticed a large bag of meat
    20 | D        | Reached ****** piety under Makhleb
    20 | D        | Noticed a large bag of meat
    21 | D        | Reached skill level 27 in Fighting
    21 | D        | Reached skill level 27 in Stealth
    21 | D        | Noticed a meat berserker
    21 | D        | Noticed a large bag of meat
    22 | D        | Reached XP level 19. HP: 174/174 MP: 0/0
    22 | D        | Learned a level 7 spell: Enfeeble
    22 | D        | Killed a meat berserker
    22 | D        | Killed a meat berserker
    22 | D        | Noticed a large bag of meat
    22 | D        | Noticed a large bag of meat
    23 | D        | Noticed a destroyer
    24 | D        | Killed a large bag of meat
    24 | D        | Killed a meat berserker
    24 | D        | Killed a large bag of meat
    24 | D        | Noticed a meat berserker
    25 | D        | Reached skill level 27 in Spellcasting
    25 | D        | Reached XP level 20. HP: 156/181 MP: 0/0
    25 | D        | Noticed a large bag of meat
    26 | D        | Reached skill level 5 in Maces & Flails
    26 | D        | Reached skill level 5 in Polearms
    26 | D        | Reached skill level 5 in Slings
    26 | D        | Reached skill level 5 in Bows
    26 | D        | Reached skill level 5 in Crossbows
    26 | D        | Reached skill level 5 in Throwing
    26 | D        | Reached XP level 21. HP: 184/187 MP: 0/0
    26 | D        | Learned a level 8 spell: Discord
    26 | D        | Noticed a large bag of meat
    26 | D        | Killed a large bag of meat
    26 | D        | Killed a meat berserker
    27 | D        | Reached skill level 10 in Short Blades
    27 | D        | Reached skill level 10 in Long Blades
    27 | D        | Reached skill level 10 in Armour
    27 | D        | Reached skill level 10 in Shields
    27 | D        | Reached skill level 10 in Unarmed Combat
    27 | D        | Reached skill level 10 in Invocations
    27 | D        | Reached skill level 10 in Evocations
    27 | D        | Noticed a large bag of meat
    29 | D        | Killed a meat berserker
    30 | D        | Reached skill level 10 in Staves
    30 | D        | Reached XP level 22. HP: 188/194 MP: 0/0
    30 | D        | Killed a large bag of meat
    30 | D        | Killed a destroyer
    31 | D        | Killed a meat berserker
    31 | D        | Noticed a meat berserker
    32 | D        | Reached XP level 23. HP: 122/201 MP: 0/0
    32 | D        | Learned a level 8 spell: Infestation
    32 | D        | Killed a large bag of meat
    33 | D        | Reached skill level 15 in Armour
    33 | D        | Reached skill level 15 in Shields
    33 | D        | Reached skill level 15 in Unarmed Combat
    33 | D        | Reached skill level 15 in Invocations
    33 | D        | Reached skill level 15 in Evocations
    33 | D        | Noticed a destroyer
    34 | D        | Reached skill level 15 in Short Blades
    34 | D        | Reached skill level 15 in Long Blades
    35 | D        | Killed a large bag of meat
    35 | D        | Noticed a destroyer
    36 | D        | Reached skill level 15 in Staves
    36 | D        | Reached XP level 24. HP: 191/208 MP: 0/0
    36 | D        | Killed a large bag of meat
    37 | D        | Noticed a destroyer
    37 | D        | Killed a large bag of meat
    38 | D        | Reached skill level 15 in Maces & Flails
    38 | D        | Reached skill level 15 in Polearms
    38 | D        | Reached skill level 15 in Slings
    38 | D        | Reached skill level 15 in Bows
    38 | D        | Reached skill level 15 in Crossbows
    38 | D        | Reached skill level 15 in Throwing
    39 | D        | Killed a destroyer
    39 | D        | Killed a destroyer
    40 | D        | Reached XP level 25. HP: 212/214 MP: 0/0
    40 | D        | Learned a level 8 spell: Maxwell's Capacitive Coupling
    44 | D        | Reached XP level 26. HP: 194/221 MP: 0/0
    45 | D        | Noticed a tyrant
    46 | D        | Noticed a destroyer
    47 | D        | Noticed an accursed
    48 | D        | Noticed The Servant
    49 | D        | Killed a destroyer
    50 | D        | Noticed an accursed
    51 | D        | Noticed a destroyer
    52 | D        | Killed an accursed
    54 | D        | Reached XP level 27. HP: 228/228 MP: 0/0
    54 | D        | Learned a level 9 spell: Death's Door
    54 | D        | Killed a destroyer
    54 | D        | Noticed a tyrant
    55 | D        | Killed an accursed
    56 | D        | Noticed a tyrant
    57 | D        | Killed a tyrant
    58 | D        | Noticed a dread
    59 | D        | Killed a destroyer
    61 | D        | Noticed The Captor
    62 | D        | Noticed a tyrant
    65 | D        | Noticed a dread
    65 | D        | Noticed a meat beast
    66 | D        | Noticed a dread
    67 | D        | Noticed a meat beast
    67 | D        | Noticed a tyrant
    67 | D        | Noticed an accursed
    68 | D        | Killed a dread
    68 | D        | Killed a dread
    69 | D        | Reached skill level 27 in Armour
    69 | D        | Reached skill level 27 in Shields
    69 | D        | Reached skill level 27 in Unarmed Combat
    69 | D        | Reached skill level 27 in Invocations
    69 | D        | Reached skill level 27 in Evocations
    69 | D        | Noticed a destroyer
    70 | D        | Reached skill level 27 in Short Blades
    70 | D        | Reached skill level 27 in Long Blades
    70 | D        | Noticed a destroyer
    70 | D        | Noticed a meat beast
    70 | D        | Noticed an accursed
    71 | D        | Killed a destroyer
    72 | D        | Reached skill level 27 in Staves
    72 | D        | Noticed a tyrant
    73 | D        | Killed a meat beast
    73 | D        | Noticed a meat beast
    74 | D        | Reached skill level 27 in Maces & Flails
    74 | D        | Reached skill level 27 in Polearms
    74 | D        | Reached skill level 27 in Slings
    74 | D        | Reached skill level 27 in Bows
    74 | D        | Reached skill level 27 in Crossbows
    74 | D        | Reached skill level 27 in Throwing
    74 | D        | Noticed a meat beast
    75 | D        | Killed a meat beast
    75 | D        | Killed an accursed
    75 | D        | Killed a meat beast
    76 | D        | HP: 6/228 [??? (3)]
    76 | D        | Annihilated by a meat berserker

Illustrated notes

Levels and vault maps discovered:
D:        meatsprint

Skill      XL: |  1  2  3  4  5  6  7  8  9 10 11 12 13 14 15 16 17 18 19 20 21 22 23 24 25 26 27 |
---------------+----------------------------------------------------------------------------------+-----
Axes           | 18 21 24 26 27 | 27.0
Dodging        | 11 12 15 17 21 23 26 27 | 27.0
Stealth        | 8 10 12 13 18 19 22 25 27 | 27.0
Fighting       | 3 5 11 14 20 26 27 | 27.0
Spellcasting   | 17 27 | 27.0
Short Blades   | 6 11 13 16 19 20 23 27 | 27.0
Long Blades    | 6 11 13 16 19 20 22 27 | 27.0
Maces & Flails | 5 9 11 14 16 18 20 27 | 27.0
Polearms       | 5 9 11 14 16 18 20 27 | 27.0
Staves         | 6 10 12 15 18 19 21 27 | 27.0
Slings         | 5 9 11 14 16 18 20 27 | 27.0
Bows           | 5 9 11 14 16 18 20 27 | 27.0
Crossbows      | 5 9 11 14 16 18 20 27 | 27.0
Throwing       | 5 9 11 14 16 18 20 27 | 27.0
Armour         | 6 11 14 16 19 21 23 27 | 27.0
Shields        | 6 11 14 16 19 21 23 27 | 27.0
Unarmed Combat | 6 11 14 16 19 21 23 27 | 27.0
Invocations    | 6 11 14 16 19 21 23 27 | 27.0
Evocations     | 6 11 14 16 19 21 23 27 | 27.0

Action                   |  1- 3 |  4- 6 |  7- 9 | 10-12 | 13-15 | 16-18 | 19-21 | 22-24 | 25-27 || total
-------------------------+-------+-------+-------+-------+-------+-------+-------+-------+-------++-------
Melee: Executioner's axe |     1 |       |       |     2 |     3 |     5 |     6 |     9 |    21 ||    47
 Cast: Infestation       |       |       |       |       |       |       |       |     1 |       ||     1
       Death's Door      |       |       |       |       |       |       |       |       |     1 ||     1
 Stab: Distracted        |       |       |       |       |       |       |       |       |     1 ||     1
Armor: Robe              |       |       |       |       |       |       |       |       |     2 ||     2
Dodge: Dodged            |       |       |       |       |     1 |       |       |       |     9 ||    10

Table legend: (Time is in decaauts)
 A = Elapsed time spent in this place.
 B = Non-inter-level travel time spent in this place.
 C = Inter-level travel time spent in this place.
 D = Time resting spent in this place.
 E = Time spent auto-exploring this place.
 F = Levels seen in this place.
 G = Mean time per level.
                   A        B        C        D        E       F      G
               +--------+--------+--------+--------+--------+-----+--------+
         Total |     72 |     72 |      0 |      0 |      0 |   1 |   72.0 |
       Dungeon |     72 |     72 |      0 |      0 |      0 |   1 |   72.0 |
               +--------+--------+--------+--------+--------+-----+--------+

Top non-repeatable levels by time:
       D: 72 daAuts
